 Dungeon Crawl Stone Soup version 0.29-a0-559-g359e09b9d1 (webtiles) character file.

Game seed: 17138908551613416415

1427 DocClef the Covert (level 8, -5/66 (67) HPs)
             Began as a Gnoll Delver on June 10, 2022.
             Was a Priest of Okawaru.
             Slain by a centaur
             ... wielding a +0 quarterstaff
              (7 damage)
             ... on level 7 of the Dungeon.
             The game lasted 00:05:05 (6714 turns).

DocClef the Covert (Gnoll Delver)                   Turns: 6714, Time: 00:05:06

HP:   -5/66 (67)    AC:  5    Str: 13    XL:     8   Next: 72%
MP:   4/4           EV: 14    Int: 10    God:    Okawaru [***...]
Gold: 300           SH:  5    Dex: 14    Spells: 14/14 levels left

rFire   . . .      SeeInvis .   m - +1 flail (antimagic)
rCold   . . .      Faith    .   n - +0 buckler
rNeg    + . .      Spirit   .   j - +0 steam dragon scales
rPois   .          Reflect  .   (no helmet)
rElec   .          Harm     .   (no cloak)
rCorr   .          Rampage  .   (no gloves)
Will    +....                   (no boots)
Stlth   ++++......              (no amulet)
HPRegen 0.21/turn               o - ring of positive energy
MPRegen 0.09/turn               v - ring of willpower

@: lightly drained
A: fangs 1, strong nose, distributed training
a: Renounce Religion, Heroism


You were on level 7 of the Dungeon.
You worshipped Okawaru.
Okawaru was most pleased with you.
You visited 2 branches of the dungeon, and saw 8 of its levels.

You collected 300 gold pieces.

Inventory:

Hand Weapons
 a - a +0 short sword
 m - a +1 antimagic flail (weapon)
 C - a +0 dagger of holy wrath
Armour
 b - a +0 leather armour
 j - +0 steam dragon scales (worn)
 n - a +0 buckler (worn)
Jewellery
 h - a ring of magical power
 o - a ring of positive energy (left hand)
 v - a ring of willpower (right hand)
Wands
 g - a wand of digging (3)
 s - a wand of flame (8)
Scrolls
 c - 3 scrolls of fog
 d - 2 scrolls of magic mapping
 e - a scroll of fear
 l - a scroll of immolation {unknown}
 p - a scroll of enchant armour {unknown}
 t - 2 scrolls of noise {unknown}
 u - 4 scrolls of teleportation {unknown}
 w - a scroll of poison {unknown}
 y - 2 scrolls of blinking {unknown}
 z - 4 scrolls of identify {unknown}
 D - a scroll of vulnerability {unknown}
 E - a scroll of torment {unknown}
 H - a scroll of brand weapon {unknown}
Potions
 f - 3 potions of haste
 i - a potion of might {unknown}
 k - a potion of invisibility {unknown}
 q - 4 potions of curing {unknown}
 r - 3 potions of flight {unknown}
 x - 3 potions of heal wounds {unknown}
 A - a potion of attraction {unknown}
 B - a potion of magic {unknown}
 F - a potion of brilliance {unknown}
 G - a potion of ambrosia {unknown}


   Skills:
 + Level 7.5 Fighting
 + Level 5.8 Short Blades
 + Level 3.5 Long Blades
 + Level 3.5 Axes
 + Level 3.5 Maces & Flails
 + Level 3.5 Polearms
 + Level 3.5 Staves
 + Level 3.5 Slings
 + Level 3.5 Bows
 + Level 3.5 Crossbows
 + Level 3.5 Throwing
 + Level 3.5 Armour
 + Level 5.8 Dodging
 + Level 10.2 Stealth
 + Level 3.5 Shields
 + Level 3.5 Unarmed Combat
 + Level 3.5 Spellcasting
 + Level 2.9 Conjurations
 + Level 2.9 Hexes
 + Level 2.9 Summonings
 + Level 2.9 Necromancy
 + Level 2.9 Translocations
 + Level 2.9 Transmutations
 + Level 2.9 Fire Magic
 + Level 2.9 Ice Magic
 + Level 2.9 Air Magic
 + Level 2.9 Earth Magic
 + Level 2.9 Poison Magic
 + Level 3.9 Invocations
 + Level 3.5 Evocations


You had 14 spell levels left.
You didn't know any spells.
Your spell library contained the following spells:

 Spells                   Type           Power      Damage    Failure   Level
 Dazzling Flash           Conj/Hex       14%        N/A       32%         3
 Gell's Gravitas          Tloc           7%         N/A       32%         3
 Teleport Other           Tloc           7%         N/A       32%         3
 Agony                    Necr           7%         N/A       96%         5
 Alistair's Intoxication  Tmut/Pois      4%         N/A       96%         5
 Borgnjor's Vile Clutch   Necr/Erth      3%         N/A       96%         5
 Silence                  Hex/Air        3%         N/A       96%         5
 Dispersal                Tloc           3%         N/A       100%        6
 Eringya's Noxious Bog    Tmut/Pois      3%         N/A       100%        6


Dungeon Overview and Level Annotations

Branches:
Dungeon (7/15)             Temple (1/1) D:5

Altars:
Ashenzari
Cheibriados
Dithmenos
Elyvilon
Fedhas
Gozag
Hepliaklqana
Kikubaaqudgha
Makhleb
Nemelex Xobeh
Okawaru
Qazlal
Ru
Sif Muna
Trog
Uskayaw
Vehumet
Wu Jian
Xom
Yredelemnul
Zin
The Shining One

Shops:
D:6 ?   D:7 [


Innate Abilities, Weirdness & Mutations

You have very sharp teeth.
Your uncanny sense of smell can sniff out nearby items.
Your experience applies equally to all skills.


Message History

You block the centaur's attack.
The orc priest hits you but does no damage.
The centaur closely misses you.
The centaur kicks you but does no damage.
You hit the orc priest but do no damage.
The orc priest is lightly wounded.
You block the centaur's attack.
The centaur kicks you but does no damage.
The orc priest misses you. The centaur completely misses you.
The centaur misses you.
You hit the orc priest.
The orc priest is moderately wounded.
The centaur hits you with a +0 quarterstaff!
* * * LOW HITPOINT WARNING * * *
The centaur misses you.
The orc priest hits you with a +0 dagger.
* * * LOW HITPOINT WARNING * * *
The centaur completely misses you.
The centaur kicks you but does no damage.
The orc priest barely misses you.
You hit the orc priest.
The orc priest is heavily wounded.
The centaur hits you with a +0 quarterstaff.
* * * LOW HITPOINT WARNING * * *
The centaur kicks you but does no damage.
The orc priest hits you but does no damage.
The centaur hits you with a +0 quarterstaff.
* * * LOW HITPOINT WARNING * * *
You block the centaur's attack.
You hit the orc priest.
The orc priest is severely wounded.
The centaur barely misses you. x2; The orc priest misses you.
The centaur hits you but does no damage.
The centaur closely misses you.
Unknown command.
You hit the orc priest.
You bite the orc priest, but do no damage.
The orc priest is severely wounded.
The centaur hits you with a +0 quarterstaff!
You die...

#)# #.# #<# #.#
###### ### #.#
#..... ########.##
#..... #.........#
#.....##.#########
#........#######
#.........)....#
.........>@)....#
.........co.....#
.8.8............#
⌠.⌠..##.........#
.∩.8. #........:#
⌠.⌠.. #.........#
#....###### #....#


You could see a centaur and an orc priest.

Vanquished Creatures
  Sigmund (D:3)
  2 steam dragons (D:6)
  An ice beast (D:7)
  2 ogres
  3 scorpions
  2 necrophages (D:6)
  3 hounds
  A jelly (D:4)
  2 orc priests (D:7)
  Jessica (D:3)
  An iguana (D:4)
  8 adders
  4 gnolls (D:3)
  2 shadow imps
  An ufetubus (D:5)
  4 dart slugs
  8 orcs
  3 bats
  7 endoplasms
  2 giant cockroaches (D:3)
  10 goblins
  12 hobgoblins
  6 kobolds
  4 quokkas
  10 ball pythons
  2 frilled lizards
  6 rats
108 creatures vanquished.

Vanquished Creatures (others)
  An adder (D:6)
1 creature vanquished.

Grand Total: 109 creatures vanquished

Notes
Turn   | Place    | Note
-------+----------+-------------------------------------------
     0 | D:5      | Reached skill level 9 in Stealth
     0 | D:5      | DocClef the Gnoll Delver began the quest for the Orb.
     0 | D:5      | Reached XP level 1. HP: 23/23 MP: 1/1
    39 | D:5      | Found a staircase to the Ecumenical Temple.
    49 | D:5      | Reached XP level 2. HP: 29/29 MP: 2/2
    69 | Temple   | Entered the Ecumenical Temple
   454 | Temple   | Became a worshipper of Warmaster Okawaru
   512 | D:5      | Noticed an ogre
   539 | D:5      | Killed an ogre
   539 | D:5      | Reached * piety under Okawaru
   540 | D:5      | Reached skill level 1 in Long Blades
   540 | D:5      | Reached skill level 1 in Axes
   540 | D:5      | Reached skill level 1 in Maces & Flails
   540 | D:5      | Reached skill level 1 in Polearms
   540 | D:5      | Reached skill level 1 in Staves
   540 | D:5      | Reached skill level 1 in Slings
   540 | D:5      | Reached skill level 1 in Bows
   540 | D:5      | Reached skill level 1 in Crossbows
   540 | D:5      | Reached skill level 1 in Throwing
   540 | D:5      | Reached skill level 1 in Armour
   540 | D:5      | Reached skill level 1 in Shields
   540 | D:5      | Reached skill level 1 in Unarmed Combat
   540 | D:5      | Reached skill level 1 in Spellcasting
   540 | D:5      | Reached skill level 1 in Conjurations
   540 | D:5      | Reached skill level 1 in Hexes
   540 | D:5      | Reached skill level 1 in Summonings
   540 | D:5      | Reached skill level 1 in Necromancy
   540 | D:5      | Reached skill level 1 in Translocations
   540 | D:5      | Reached skill level 1 in Transmutations
   540 | D:5      | Reached skill level 1 in Fire Magic
   540 | D:5      | Reached skill level 1 in Ice Magic
   540 | D:5      | Reached skill level 1 in Air Magic
   540 | D:5      | Reached skill level 1 in Earth Magic
   540 | D:5      | Reached skill level 1 in Poison Magic
   540 | D:5      | Reached skill level 1 in Invocations
   540 | D:5      | Reached skill level 1 in Evocations
   540 | D:5      | Reached XP level 3. HP: 12/35 MP: 2/4
   540 | D:5      | Reached XP level 4. HP: 14/41 MP: 2/5
   989 | D:5      | Noticed a scorpion
   995 | D:5      | Killed a scorpion
   996 | D:5      | Reached XP level 5. HP: 47/47 MP: 5/7
  1129 | D:4      | You fall into a shaft and drop 2 floors!
  1132 | D:6      | Noticed a steam dragon
  1143 | D:6      | Killed a steam dragon
  1143 | D:6      | Reached ** piety under Okawaru
  1144 | D:6      | Reached skill level 5 in Short Blades
  1144 | D:6      | Reached skill level 5 in Dodging
  1144 | D:6      | Reached XP level 6. HP: 53/53 MP: 8/8
  1767 | D:6      | Reached XP level 7. HP: 47/59 MP: 3/10
  2479 | D:4      | Found a broken altar of Ashenzari.
  3144 | D:3      | Noticed Jessica
  3153 | D:3      | Killed Jessica
  3305 | D:3      | Reached skill level 10 in Stealth
  3687 | D:3      | Noticed Sigmund
  3692 | D:3      | Killed Sigmund
  3693 | D:3      | Reached XP level 8. HP: 67/67 MP: 3/12
  4535 | D:2      | Found a faded altar of an unknown god.
  5468 | D:6      | Reached *** piety under Okawaru
  5815 | D:6      | Found Civun's Magic Scroll Shop.
  6398 | D:7      | Found Peschoxui's Antique Armour Boutique.
  6712 | D:7      | HP: 1/66 [centaur/+0 quarterstaff (6)]
  6714 | D:7      | Slain by a centaur

Illustrated notes

Levels and vault maps discovered:
D:1:      wander_arrival_abandoned_jail, layout_basic
D:2:      layout_loops_ring, hellmonk_ecumenical_altar_prayer_group,
          dreamdust_wishing_well
D:3:      kennysheep_six_static_rooms, layout_basic, grunt_ministairs_3,
          small_statue_intersection, uniq_jessica, uniq_sigmund
D:4:      layout_basic, kennysheep_mini
D:5:      layout_rooms, minmay_temple_entry_glass
D:6:      layout_basic, serial_shops, shop
D:7:      layout_basic, serial_shops,
          nicolae_shop_temple_entry_statues_fountains
Temple:   mainiacjoe_temple_trianglar_array

Skill      XL: |  1  2  3  4  5  6  7  8 |
---------------+-------------------------+-----
Stealth        | 10 | 10.2
Long Blades    | 1 2 3 |  3.5
Axes           | 1 2 3 |  3.5
Maces & Flails | 1 2 3 |  3.5
Polearms       | 1 2 3 |  3.5
Staves         | 1 2 3 |  3.5
Slings         | 1 2 3 |  3.5
Bows           | 1 2 3 |  3.5
Crossbows      | 1 2 3 |  3.5
Throwing       | 1 2 3 |  3.5
Armour         | 1 2 3 |  3.5
Shields        | 1 2 3 |  3.5
Unarmed Combat | 1 2 3 |  3.5
Spellcasting   | 1 2 3 |  3.5
Conjurations   | 1 2 |  2.9
Hexes          | 1 2 |  2.9
Summonings     | 1 2 |  2.9
Necromancy     | 1 2 |  2.9
Translocations | 1 2 |  2.9
Transmutations | 1 2 |  2.9
Fire Magic     | 1 2 |  2.9
Ice Magic      | 1 2 |  2.9
Air Magic      | 1 2 |  2.9
Earth Magic    | 1 2 |  2.9
Poison Magic   | 1 2 |  2.9
Invocations    | 1 2 3 |  3.9
Evocations     | 1 2 3 |  3.5
Short Blades   | 5 |  5.8
Dodging        | 5 |  5.8
Fighting       | 7 |  7.5

Action                   |  1- 3 |  4- 6 |  7- 9 || total
-------------------------+-------+-------+-------++-------
Melee: Short sword       |    18 |    50 |     1 ||    69
       Bite              |     3 |    13 |    27 ||    43
       Flail             |       |    22 |   283 ||   305
 Stab: Sleeping          |       |     3 |    46 ||    49
Armor: Leather armour    |     1 |     2 |       ||     3
       Steam dragon scal |       |    12 |    71 ||    83
Dodge: Dodged            |    11 |    34 |   192 ||   237
Block: Buckler           |       |     5 |    67 ||    72

Table legend: (Time is in decaauts)
 A = Elapsed time spent in this place.
 B = Non-inter-level travel time spent in this place.
 C = Inter-level travel time spent in this place.
 D = Time resting spent in this place.
 E = Time spent auto-exploring this place.
 F = Levels seen in this place.
 G = Mean time per level.
                   A        B        C        D        E       F      G
               +--------+--------+--------+--------+--------+-----+--------+
         Total |   6797 |   6443 |    354 |    547 |   4758 |   8 |  849.6 |
       Dungeon |   6387 |   6102 |    285 |    547 |   4421 |   7 |  912.4 |
        Temple |    410 |    341 |     69 |      0 |    337 |   1 |  410.0 |
               +--------+--------+--------+--------+--------+-----+--------+

Top non-repeatable levels by time:
     D:6: 1780 daAuts
     D:3: 1323 daAuts
     D:4: 907 daAuts
     D:2: 789 daAuts
     D:5: 785 daAuts
     D:1: 468 daAuts
  Temple: 410 daAuts
     D:7: 331 daAuts
